 Dungeon Crawl Stone Soup version 0.21.1-1-g345015f (webtiles) character file.

32 inc the Scratcher (level 3, 0/15 HPs)
             Began as a Felid Transmuter on Mar 13, 2018.
             Slain by a worm (10 damage)
             ... on level 2 of the Dungeon.
             The game lasted 00:01:26 (1409 turns).

inc the Scratcher (Felid Transmuter)                Turns: 1409, Time: 00:01:27

Health: 0/15       AC:  1    Str:  6    XL:     3   Next: 8%
Magic:  6/7        EV: 18    Int: 15    God:
Gold:   27         SH:  0    Dex: 16    Spells: 3/6 levels left
                                        Lives:  0   Deaths: 0

rFire    . . .     SeeInvis +     - Unarmed
rCold    . . .     Gourm    .   (shield unavailable)
rNeg     . . .     Faith    .   (armour unavailable)
rPois    .         Spirit   .   (helmet unavailable)
rElec    .         Reflect  .   (cloak unavailable)
rCorr    .         Harm     .   (gloves unavailable)
MR       .....                  (boots unavailable)
Stlth    ++........             (no amulet)
HPRegen  0.05/turn              (no ring)
MPRegen  0.10/turn              (no ring)

@: appendage (expiring), quick
A: very small, no armour, no weapons or thrown items, stealth, claws 1, fangs 3,
horns 2, see invisible, carnivore, speed 1, shaggy fur 1, slow metabolism 1,
sharp paws
a: End Transformation


You were on level 2 of the Dungeon.
You were not hungry.
You had grown temporary horns.
You visited 1 branch of the dungeon, and saw 2 of its levels.

You collected 27 gold pieces.

Inventory:

Missiles
 a - 29 arrows
Jewellery
 f - an uncursed amulet of the gourmand {unknown}
Scrolls
 e - a scroll of blinking {unknown}
 i - a scroll of identify {unknown}
 j - a scroll of amnesia {unknown}
 k - a scroll of teleportation {unknown}
Potions
 d - a potion of flight {unknown}
 g - a potion of berserk rage {unknown}
 h - 2 potions of curing {unknown}
 l - a potion of heal wounds {unknown}
Books
 b - a book of Changes

   Spells                             Type                      Level
   a - Beastly Appendage              Transmutation                1
   b - Sticks to Snakes               Transmutation                2
   c - Spider Form                    Transmutation/Poison         3
   d - Ice Form                       Ice/Transmutation            4
   e - Blade Hands                    Transmutation                5
Comestibles
 c - 3 rations


   Skills:
 - Level 1.0 Fighting
 - Level 2.6 Dodging
 + Level 4.3 Unarmed Combat
 - Level 2.0 Spellcasting
 - Level 2.1 Transmutations


You had 3 spell levels left.
You knew the following spells:

 Your Spells              Type           Power        Failure   Level  Hunger
a - Beastly Appendage     Tmut           #.....       9%          1    #......
b - Sticks to Snakes      Tmut           #.......     14%         2    ###....


Dungeon Overview and Level Annotations

Branches:
Dungeon (2/15)

Altars:


Innate Abilities, Weirdness & Mutations

You cannot wear armour.
You are incapable of wielding weapons or throwing items.
Your paws allow you to move quietly. (Stealth)
You have sharp claws.
You have razor-sharp teeth.
You have supernaturally acute eyesight. (SInv)
You are carnivorous and can eat meat at any time.
You cover ground quickly.
You are covered in fur. (AC +1)
You have a slow metabolism.
Your sharp claws are effective at attacking unaware monsters.
You have a pair of horns on your head.


Message History

The worm is moderately wounded.
You barely miss the worm. You bite the worm, but do no damage.
The worm is moderately wounded.
The worm barely misses you.
You scratch the worm.
The worm is moderately wounded.
You scratch the worm.
The worm is heavily wounded.
The worm barely misses you.
You scratch the worm but do no damage.
The worm is heavily wounded.
Your transformation is almost over.
The worm barely misses you.
You claw the worm!
The worm is severely wounded.
You barely miss the worm. You bite the worm, but do no damage.
The worm is severely wounded.
The worm bites you!
Ouch! That really hurt!
You die...

...# ...# ...# ##.#
#.# #.### #########
#...# #.......#####
##[#.###.####......#
#........####...@..#
#................w.#
#..................#
#.......<............#
#........####......#.#
####.##### #..........
#.. #......##### ##
....##... #.##$ #.#.#


You could see a worm.

Vanquished Creatures
  2 adders (D:2)
  A bat (D:2)
  3 goblins (D:2)
  2 hobgoblins
  3 kobolds (D:2)
11 creatures vanquished.

Vanquished Creatures (collateral kills)
  A worm (D:2)
1 creature vanquished.

Grand Total: 12 creatures vanquished

Notes
Turn   | Place    | Note
-------+----------+-------------------------------------------
     0 | D:1      | inc the Felid Transmuter began the quest for the Orb.
     0 | D:1      | Reached XP level 1. HP: 9/9 MP: 4/4
   687 | D:2      | Reached XP level 2. HP: 4/12 MP: 6/6
  1025 | D:2      | Reached skill level 4 in Unarmed Combat
  1071 | D:2      | Learned a level 2 spell: Sticks to Snakes
  1094 | D:2      | Reached XP level 3. HP: 13/15 MP: 5/7
  1409 | D:2      | Slain by a worm

Skill      XL: |  1  2 |
---------------+-------+-----
Unarmed Combat | 4 |  4.3
Fighting       | |  1.0
Dodging        | |  2.6
Spellcasting   | |  2.0
Transmutations | |  2.1

Action                   || total
-------------------------++-------
Melee: Unarmed           ||    47
       Bite              ||     6
       Headbutt          ||     2
 Cast: Beastly Appendage ||     4
       Sticks to Snakes  ||     2
  Eat: Chunk             ||     1
Armor: Skin              ||     3
Dodge: Dodged            ||    33
